 Dungeon Crawl Stone Soup version 0.21.1-1-g345015f (webtiles) character file.

134 HelloWorld the Firebug (level 4, 0/35 HPs)
             Began as a Draconian Fire Elementalist on June 23, 2018.
             Succumbed to a worker ant's poison
             ... on level 4 of the Dungeon on July 2, 2018.
             The game lasted 00:29:30 (2598 turns).

HelloWorld the Firebug (DrFE)                       Turns: 2598, Time: 00:29:31

Health: 0/35       AC:  7    Str: 10    XL:     4   Next: 95%
Magic:  2/8        EV: 12    Int: 17    God:
Gold:   90         SH:  0    Dex: 11    Spells: 2/8 levels left

rFire    . . .     SeeInvis .   d - +1 spear
rCold    . . .     Gourm    .   (no shield)
rNeg     . . .     Faith    .   (armour unavailable)
rPois    .         Spirit   .   (helmet restricted)
rElec    .         Reflect  .   (no cloak)
rCorr    .         Harm     .   (no gloves)
MR       .....                  c - +1 pair of boots
Stlth    ++........             g - amulet of rage
HPRegen  0.11/turn              (no ring)
MPRegen  0.11/turn              (no ring)

@: lethally poisoned (0 -> -21)
A: unfitting armour, cold-blooded, AC +5
a: Evoke Berserk Rage


You were on level 4 of the Dungeon.
You were not hungry.

You visited 1 branch of the dungeon, and saw 4 of its levels.

You collected 90 gold pieces.

Inventory:

Hand Weapons
 d - a +1 spear (weapon)
Armour
 c - a +1 pair of boots (worn)
 h - a +0 robe
Jewellery
 g - an amulet of rage (around neck)
Wands
 m - a wand of flame (26)
Scrolls
 e - a scroll of amnesia
Potions
 i - a potion of lignification {unknown}
 j - a potion of haste
 k - a potion of berserk rage
 l - 2 potions of resistance
 n - a potion of curing {unknown}
Books
 a - a book of Flames

   Spells                             Type                      Level
   a - Flame Tongue                   Conjuration/Fire             1
   b - Throw Flame                    Conjuration/Fire             2
   c - Conjure Flame                  Conjuration/Fire             3
   d - Inner Flame                    Hexes/Fire                   3
   e - Sticky Flame                   Conjuration/Fire             4
   f - Fireball                       Conjuration/Fire             5
Comestibles
 b - 2 rations
 f - 2 chunks of flesh


   Skills:
 + Level 1.0 Fighting
 + Level 1.7 Polearms
 + Level 2.4 Dodging
 + Level 2.1 Stealth
 + Level 2.8 Spellcasting
 + Level 1.1 Conjurations
 + Level 3.9 Fire Magic


You had 2 spell levels left.
You knew the following spells:

 Your Spells              Type           Power        Failure   Level  Hunger
a - Flame Tongue          Conj/Fire      ##...        6%          1    #......
b - Throw Flame           Conj/Fire      ##....       10%         2    ##.....
c - Conjure Flame         Conj/Fire      ##......     19%         3    ###....


Dungeon Overview and Level Annotations

Branches:
Dungeon (4/15)
 Temple: D:4-7

Altars:
Fedhas
Uskayaw


Innate Abilities, Weirdness & Mutations

Your plain brown scales are hard. (AC +5)
You cannot fit into any form of body armour.
You are cold-blooded and may be slowed by cold attacks.


Message History

You feel sick. The hound barely misses you. The worker ant bites you.
You are more poisoned.
The worker ant poisons you!
You barely miss the hound.
The hound is severely wounded.
You feel sick. The hound bites you. The worker ant bites you.
* * * LOW HITPOINT WARNING * * *
The hound bites you.
* * * LOW HITPOINT WARNING * * *
You barely miss the hound.
The hound is severely wounded.
* * * LOW HITPOINT WARNING * * *
You feel sick. The hound bites you but does no damage.
The worker ant bites you.
* * * LOW HITPOINT WARNING * * *
You are more poisoned.
The worker ant poisons you!
You hit the hound.
The hound is almost dead.
You die...

..... #.#.#.#...
#........... .#.#.#.#...
### .......... ##...
#.....##..
#.....#########.##......
......h@a§aoo...........
#.#...#####o..#....#....
#.. #..........)#< #.
#.........#.## #
#.........#...
#.........<...
####........#.
#.......... +........#.


You could see a hound, 2 worker ants, an orc wizard and 2 orcs.

Vanquished Creatures
  5 adders
  2 oozes
  3 worms
  A dart slug (D:1)
  4 leopard geckos
  5 orcs (D:3)
  3 giant cockroaches
  2 goblins (D:2)
  7 hobgoblins
  2 ball pythons (D:3)
  10 bats
  8 frilled lizards
  10 kobolds
  2 rats (D:2)
64 creatures vanquished.

Notes
Turn   | Place    | Note
-------+----------+-------------------------------------------
     0 | D:1      | HelloWorld the Draconian Fire Elementalist began the quest for the Orb.
     0 | D:1      | Reached XP level 1. HP: 14/14 MP: 3/3
   172 | D:1      | Reached XP level 2. HP: 19/20 MP: 0/5
   250 | D:1      | Learned a level 2 spell: Throw Flame
   628 | D:1      | Reached XP level 3. HP: 21/26 MP: 0/6
   902 | D:2      | Learned a level 3 spell: Conjure Flame
  1204 | D:2      | Reached skill level 1 in Polearms
  1468 | D:2      | Reached XP level 4. HP: 34/34 MP: 2/7
  1860 | D:3      | Found a hide-covered altar of Uskayaw.
  2044 | D:3      | Reached skill level 1 in Fighting
  2201 | D:3      | Found a blossoming altar of Fedhas.
  2598 | D:4      | Succumbed to a worker ant's poison

Skill      XL: |  1  2  3  4 |
---------------+-------------+-----
Dodging        | 2 |  2.4
Stealth        | 2 |  2.1
Polearms       | 1 |  1.7
Fighting       | 1 |  1.0
Spellcasting   | |  2.8
Conjurations   | |  1.1
Fire Magic     | |  3.9

Action                   |  1- 3 |  4- 6 || total
-------------------------+-------+-------++-------
Melee: Spear             |    86 |    45 ||   131
       Unarmed           |    10 |       ||    10
       Tailslap          |     5 |     7 ||    12
 Cast: Flame Tongue      |    25 |     7 ||    32
       Throw Flame       |    27 |    26 ||    53
       Conjure Flame     |       |     1 ||     1
Evoke: Wand              |       |     1 ||     1
  Use: Scroll            |     9 |     2 ||    11
       Potion            |     1 |       ||     1
 Stab: Sleeping          |     1 |       ||     1
  Eat: Chunk             |     4 |     4 ||     8
       Ration            |       |     1 ||     1
Armor: Skin              |    39 |     8 ||    47
Dodge: Dodged            |    83 |    27 ||   110
